 Dungeon Crawl Stone Soup version 0.21-a0-538-gd16b88a (webtiles) character file.

162 Lavandula the Cutter (level 5, -3/41 HPs)
             Began as a Mummy Chaos Knight on Dec 15, 2017.
             Slain by a vampire (5 damage)
             ... on level 1 of the Abyss.
             The game lasted 00:06:52 (3541 turns).

Lavandula the Cutter (Mummy Chaos Knight)           Turns: 3541, Time: 00:06:53

Health: -3/41      AC:  5    Str: 15    XL:     5   Next: 19%
Magic:  5/5        EV: 11    Int: 11    God:    Xom [.....*]
Gold:   273        SH:  0    Dex: 13    Spells: 4/4 levels left

rFire    x . .     SeeInvis .   a - +1 short sword (chaos)
rCold    + . .     Gourm    .   (no shield)
rNeg     + + +     Faith    .   b - +2 leather armour
rPois    ∞         Spirit   .   (no helmet)
rElec    .         Reflect  .   (no cloak)
rCorr    .         Harm     .   (no gloves)
MR       .....                  (no boots)
Stlth    +.........             (no amulet)
HPRegen  0.13/turn              (no ring)
MPRegen  0.09/turn              (no ring)

@: about to teleport
A: no food or potions, fire vulnerability, cold resistance 1, negative energy
resistance 3, torment resistance, unbreathing
a: Renounce Religion


You were on level 1 of the Abyss.
You worshipped Xom.
You were Xom's teddy bear.
You were not hungry.

You visited 1 branch of the dungeon, and saw 4 of its levels.
You visited the Abyss 1 time.

You collected 273 gold pieces.

Inventory:

Hand Weapons
 a - a +1 short sword of chaos (weapon)
 d - a cursed -3 dagger {goblin}
 f - a cursed -3 dagger {floor}
 m - a +3 dagger {kobold}
Armour
 b - a +2 leather armour (worn)
Scrolls
 c - 2 scrolls of blinking {unknown}
 e - a scroll of fear
 g - a scroll of magic mapping
 h - 3 scrolls of enchant weapon
 i - a scroll of teleportation
 j - a scroll of remove curse {unknown}
 k - a scroll of random uselessness {unknown}
 l - 2 scrolls of amnesia {unknown}
Miscellaneous
 n - a box of beasts


   Skills:
 - Level 3.0 Fighting
 + Level 4.9 Short Blades
 - Level 1.5 Armour
 - Level 0.7 Dodging


You had 4 spell levels left.
You didn't know any spells.

Dungeon Overview and Level Annotations

Branches:
Dungeon (4/15)
 Temple: D:4-7

Altars:
Trog


Innate Abilities, Weirdness & Mutations

You do not eat or drink.
Your flesh is vulnerable to fire.
You are immune to poison.
Your flesh is cold resistant. (rC+)
You are immune to negative energy. (rN+++)
You are immune to unholy pain and torment.
You can survive without breathing.


Message History

The sky beast looks sick.
The sky beast hits you but does no damage.
A raiju comes into view.
The raiju barks!
The smoke demon roars!
You hear a bark! x2
The raiju looks sick.
Okay, then.
As you read the scroll of fear, it crumbles to dust.
You assume a fearsome visage.
The large abomination is unaffected.
The sky beast looks frightened!
The ancient zyme is unaffected.
The raiju looks frightened!
A raiju comes into view.
As you read the scroll of teleportation, it crumbles to dust.
You feel strangely unstable.
You feel the power of the Abyss delaying your translocation!
The smoke demon gestures at you. Something smites you!
* * * LOW HITPOINT WARNING * * *
Something hits you.
You die...
Xom howls with laughter!

..##..##§.##. # .##..
..
.....................
... .......3.....x....
. #..
#..##..##..##..##..
##..##..##x.##..## .# .
.......Y..x........ ..
. .......X..........
...
#..##..##..##..##..##..
#.@##..##..# ..# ..
.h................ ..
....h.......... ..
##..##..##..##.. #..
#..# ..# .. ... ....
... .. .... ... ##..#
##.


You could see an ancient zyme, a large abomination, a smoke demon, 2 raiju and a
sky beast (fleeing).

Vanquished Creatures
  A worker ant (D:3)
  3 gnolls
  3 adders
  An ooze (D:3)
  4 leopard geckos
  2 orcs
  5 bats
  2 giant cockroaches (D:1)
  13 goblins
  6 hobgoblins
  7 jackals
  4 quokkas
  4 ball pythons
  5 frilled lizards
  7 kobolds
  4 rats
71 creatures vanquished.

Notes
Turn   | Place    | Note
-------+----------+-------------------------------------------
     0 | D:1      | Lavandula the Mummy Chaos Knight began the quest for the Orb.
     0 | D:1      | Reached XP level 1. HP: 18/18 MP: 1/1
   176 | D:1      | Reached XP level 2. HP: 20/24 MP: 2/2
   192 | D:1      | XOM: silly message
   199 | D:1      | XOM: potion effect (might)
   202 | D:1      | Reached skill level 3 in Short Blades
   289 | D:1      | XOM: harmless Air miscast
   756 | D:2      | Reached XP level 3. HP: 27/29 MP: 3/3
  1050 | D:2      | XOM: divination: detect creatures
  1083 | D:2      | XOM: summons 4 hostile shadow creatures
  1142 | D:3      | Found a bloodstained altar of Trog.
  1319 | D:3      | Reached skill level 4 in Short Blades
  1420 | D:3      | Reached XP level 4. HP: 30/35 MP: 4/4
  1731 | D:2      | XOM: harmless Tloc miscast
  2709 | D:3      | Reached XP level 5. HP: 20/41 MP: 5/5
  3296 | D:2      | XOM: harmless Chrm miscast
  3402 | D:3      | XOM: summons 4 hostile shadow creatures
  3429 | D:4      | XOM: medium Tloc miscast
  3429 | D:4      | Cast into level 1 of the Abyss (the severe capriciousness of Xom)
  3481 | Abyss:1  | Noticed a tentacled starspawn
  3503 | Abyss:1  | Noticed a vampire
  3503 | Abyss:1  | XOM: enchant monster (good)
  3521 | Abyss:1  | Noticed an efreet
  3523 | Abyss:1  | Noticed a large abomination
  3525 | Abyss:1  | Noticed a great orb of eyes
  3526 | Abyss:1  | Noticed an ancient zyme
  3531 | Abyss:1  | Noticed a sky beast
  3536 | Abyss:1  | Noticed a smoke demon
  3536 | Abyss:1  | Noticed a raiju
  3541 | Abyss:1  | Noticed a raiju
  3541 | Abyss:1  | HP: 2/41 [smoke demon/divine providence (15)]
  3541 | Abyss:1  | Slain by a vampire

Vault maps used:
D:1:      evilmike_arrival_crescent, minmay_liquid_box, minmay_hexomino_c4
D:3:      first_bread, trog_butcher_becter
D:4:      fedhas_altar_4
Abyss:1:  evilmike_abyss_exit_6

Skill      XL: |  1  2  3 |
---------------+----------+-----
Short Blades   | 3 4 |  4.9
Fighting       | |  3.0
Armour         | |  1.5
Dodging        | |  0.7

Action                   |  1- 3 |  4- 6 || total
-------------------------+-------+-------++-------
Melee: Short sword       |   136 |    83 ||   219
  Use: Scroll            |     5 |     3 ||     8
 Stab: Sleeping          |     2 |     1 ||     3
       Paralysed         |     2 |       ||     2
       Petrified         |       |     9 ||     9
Armor: Leather armour    |    45 |    23 ||    68
Dodge: Dodged            |   127 |    33 ||   160

Table legend:
 A = Spawn XP
 B = Non-spawn XP
 C = Spawn XP percentage of total XP
 D = Spawn monster count
 E = Non-spawn monster count
 F = Spawn count percentage of total count
 G = Total turns spent on level
                    A         B        C        D         E        F      G
               +---------+---------+-------+---------+---------+-------+---------
         Total |       0 |     232 |   0.0 |       0 |      71 |   0.0 |  3541
               +---------+---------+-------+---------+---------+-------+---------
           D:1 |       0 |      32 |   0.0 |       0 |      18 |   0.0 |   659
           D:2 |       0 |      67 |   0.0 |       0 |      27 |   0.0 |  1484
           D:3 |       0 |     126 |   0.0 |       0 |      23 |   0.0 |  1261
           D:4 |       0 |       7 |   0.0 |       0 |       3 |   0.0 |    25
               +---------+---------+-------+---------+---------+-------+---------
